Map: Романтицид РВ

Players

SMAshbringer

  • Race: Protoss Protoss
  • League: Master
  • Spawn Location: 5:00

Hawk - Winner!

  • Race: Protoss Protoss
  • League: Master
  • Spawn Location: 11:00

VOD

Have the link to the VOD?

Description

Time

  • Played on: Jan. 27, 2021, 4:22 a.m.
  • Length: 16:23
Show
View Real Time Build Order
Export as new Build Order

SMAshbringer Protoss 

Build Orders: Phoenix Opening 

Get SALT Encoding   

  12  0:00  Probe  
  13  0:12  Probe  
  14  0:17  Pylon  
  14  0:25  Probe (Chrono Boost)  
  16  0:37  Probe (Chrono Boost)  
  16  0:38  Gateway  
  16  0:42  Probe (Chrono Boost)  
  16  0:48  Assimilator  
  17  0:52  Probe  
  18  0:59  Assimilator  
  18  1:04  Probe (Chrono Boost)  
  19  1:15  Gateway, Probe (Chrono Boost)  
  20  1:20  Probe (Chrono Boost)  
  21  1:28  Cybernetics Core  
  21  1:32  Probe  
  22  1:44  Probe  
  22  1:45  Pylon  
  23  2:03  Probe  
  23  2:04  Warp Gate (Chrono Boost)  
  23  2:05  Stalker x2  
  28  2:22  Pylon  
  28  2:35  Stalker, Probe  
  31  2:40  Stalker  
  33  2:58  Nexus  
  33  3:04  Shield Battery  
  33  3:07  Sentry  
  33  3:11  Sentry  
  37  3:16  Pylon  
  37  3:23  Shield Battery  
  37  3:25  Probe (Chrono Boost)  
  38  3:37  Probe (Chrono Boost)  
  38  3:40  Twilight Council  
  39  3:41  Phoenix  
  39  3:42  Probe (Chrono Boost)  
  40  3:55  Probe  
  41  3:56  Forge  
  42  4:10  Probe (Chrono Boost)  
  42  4:11  Probe (Chrono Boost)  
  42  4:12  Blink (Chrono Boost)  
  43  4:19  Sentry, Probe (Chrono Boost)  
  43  4:21  Probe (Chrono Boost)  
  47  4:24  Probe (Chrono Boost)  
  47  4:25  Protoss Ground Weapons Level 1 (Chrono Boost)  
  47  4:31  Probe  
  49  4:36  Probe  
  50  4:41  Photon Cannon  
  50  4:43  Probe  
  51  4:47  Assimilator  
  51  4:48  Probe  
  52  4:55  Probe  
  53  5:00  Probe  
  54  5:08  Nexus  
  54  5:09  Pylon  
  54  5:10  Probe  
  55  5:14  Stalker  
  55  5:16  Stalker  
  59  5:21  Probe  
  59  5:22  Pylon, Probe  
  61  5:34  Gateway x2, Probe  
  61  5:35  Probe  
  63  5:40  Stalker  
  65  5:44  Stalker  
  65  5:46  Probe  
  68  5:51  Robotics Facility  
  68  5:52  Probe  
  69  6:03  Probe  
  70  6:04  Probe  
  70  6:07  Phoenix, Gateway  
  70  6:08  Gateway  
  71  6:14  Shield Battery  
  71  6:15  Probe  
  71  6:16  Probe  
  73  6:23  Probe  
  74  6:27  Probe  
  74  6:28  Probe  
  74  6:31  Templar Archives  
  76  6:35  Probe  
  76  6:39  Observer  
  78  6:40  Probe  
  78  6:45  Gateway  
  78  6:46  Protoss Ground Armor Level 1 (Chrono Boost), Gateway  
  79  6:48  Stalker x4  
  87  6:58  Probe  
  88  7:02  Pylon  
  88  7:03  Zealot x2  
  88  7:14  Probe  
  88  7:15  Zealot x4  
  78  7:26  Probe  
  74  7:33  Stalker x2  
  72  7:37  Probe x2  
  72  7:43  Probe  
  68  7:48  Zealot x5  
  75  7:52  Probe  
  76  8:04  Probe  
  76  8:06  Pylon  
  76  8:19  Pylon  
  76  8:26  Probe (Chrono Boost)  
  78  8:28  Pylon, Probe (Chrono Boost)  
  79  8:34  Phoenix  
  79  8:37  Stalker x2  
  79  8:38  Stalker  
  79  8:39  Probe (Chrono Boost)  
  85  8:44  Probe x2 (Chrono Boost)  
  87  8:51  High Templar x3  
  93  8:57  Archon  
  93  8:58  Pylon  
  93  9:01  Zealot  
  93  9:02  Zealot x3  
  101  9:07  Pylon  
  101  9:10  Photon Cannon  
  101  9:15  Photon Cannon  
  101  9:18  Charge (Chrono Boost)  
  101  9:22  High Templar  
  103  9:26  Archon  
  103  9:28  Shield Battery  
  103  9:33  Stalker x2  
  92  9:46  Zealot x4  
  92  9:47  Probe  
  92  9:48  Phoenix  
  99  9:56  Warp Prism (Chrono Boost)  
  101  10:02  Sentry x2  
  105  10:10  Zealot x3  
  111  10:17  Zealot  
  113  10:21  Zealot x2  
  113  10:25  Pylon  
  117  10:31  Zealot x2  
  117  10:33  Observer (Chrono Boost)  
  122  10:41  Pylon  
  112  10:55  Zealot x4  
  112  10:56  Zealot x2  
  120  11:13  Zealot x2  
  120  11:16  Photon Cannon  
  123  11:25  Zealot x3  
  123  11:32  Zealot x2  
  97  11:41  Observer (Chrono Boost)  
  97  11:43  Zealot x2  
Show
View Real Time Build Order
Export as new Build Order

Hawk Protoss - Winner!

Build Orders: Blink Stalkers 

Get SALT Encoding   

  12  0:00  Probe  
  13  0:12  Probe  
  14  0:17  Pylon  
  14  0:24  Probe (Chrono Boost)  
  16  0:37  Probe (Chrono Boost)  
  16  0:38  Gateway  
  16  0:42  Probe (Chrono Boost)  
  16  0:46  Assimilator  
  17  0:51  Probe  
  17  0:54  Assimilator  
  18  1:03  Probe (Chrono Boost)  
  19  1:07  Gateway  
  19  1:15  Probe (Chrono Boost)  
  20  1:20  Probe (Chrono Boost)  
  20  1:25  Cybernetics Core  
  21  1:30  Probe  
  22  1:33  Pylon  
  22  1:42  Probe  
  23  2:00  Probe  
  24  2:02  Stalker, Sentry  
  24  2:03  Warp Gate  
  28  2:12  Probe  
  28  2:15  Pylon  
  29  2:24  Probe  
  30  2:33  Stalker, Sentry  
  34  2:38  Probe  
  34  2:50  Shield Battery  
  34  2:53  Nexus  
  34  2:58  Probe  
  35  3:10  Probe  
  35  3:12  Forge  
  36  3:17  Twilight Council  
  36  3:22  Probe  
  37  3:41  Shield Battery  
  37  3:42  Probe  
  38  3:50  Photon Cannon  
  38  3:54  Probe  
  39  3:55  Protoss Ground Weapons Level 1  
  39  3:57  Blink  
  39  4:06  Probe  
  39  4:08  Probe  
  41  4:11  Stalker  
  43  4:18  Stalker, Probe  
  43  4:20  Probe  
  47  4:30  Probe (Chrono Boost)  
  48  4:32  Pylon  
  48  4:33  Probe (Chrono Boost)  
  48  4:35  Pylon  
  49  4:42  Probe (Chrono Boost)  
  49  4:45  Probe (Chrono Boost)  
  51  4:51  Probe (Chrono Boost)  
  51  4:52  Probe (Chrono Boost)  
  53  4:57  Probe  
  53  4:58  Probe  
  53  4:59  Nexus  
  55  5:09  Probe  
  55  5:11  Probe  
  55  5:13  Robotics Facility  
  57  5:16  Assimilator  
  57  5:18  Assimilator  
  57  5:21  Probe  
  58  5:23  Probe  
  59  5:33  Gateway, Probe  
  59  5:35  Gateway  
  60  5:36  Gateway  
  60  5:38  Gateway  
  60  5:41  Probe, Dark Shrine  
  61  5:51  Probe  
  61  5:53  Stalker x2  
  61  5:54  Probe  
  67  5:59  Warp Prism (Chrono Boost)  
  67  6:04  Probe  
  70  6:10  Probe  
  70  6:11  Probe  
  72  6:14  Protoss Ground Weapons Level 2 (Chrono Boost), Pylon  
  72  6:16  Probe  
  73  6:22  Probe  
  73  6:23  Probe  
  75  6:26  Stalker x2  
  79  6:34  Probe  
  79  6:35  Probe  
  79  6:37  Pylon  
  81  6:45  Probe  
  82  6:48  Assimilator  
  82  6:52  Assimilator  
  82  6:57  Dark Templar  
  82  6:58  Dark Templar x5  
  94  7:05  Probe x2  
  96  7:13  Probe  
  95  7:17  Probe  
  95  7:21  Probe  
  89  7:26  Probe  
  84  7:32  Dark Templar  
  84  7:33  Dark Templar x2  
  84  7:36  Zealot x3  
  90  7:49  Shield Battery  
  90  7:51  Gateway  
  90  7:53  Gateway  
  90  7:57  Gateway  
  90  8:00  Shield Battery  
  90  8:03  Shield Battery  
  84  8:13  Protoss Ground Weapons Level 3 (Chrono Boost)  
  84  8:15  Stalker x2  
  84  8:18  Stalker x4  
  96  8:22  Pylon  
  96  8:24  Pylon  
  96  8:27  Pylon  
  96  8:29  Charge (Chrono Boost)  
  96  8:30  Pylon  
  96  8:32  Pylon  
  96  8:45  Stalker x6  
  108  8:51  Nexus  
  108  8:53  Pylon  
  108  8:54  Stalker x3  
  114  9:05  Observer  
  114  9:08  Probe x2  
  115  9:25  Probe  
  115  9:26  Probe x2  
  118  9:32  Warp Prism (Chrono Boost)  
  118  9:38  Probe x2  
  106  9:54  Stalker x4  
  106  9:55  Stalker x5  
  106  9:56  Probe x3  
  127  10:08  Probe x2  
  127  10:09  Probe  
  127  10:10  Gateway x2  
  127  10:13  Probe  
  131  10:14  Gateway  
  131  10:16  Gateway  
  131  10:17  Gateway  
  131  10:18  Templar Archives  
  131  10:23  Probe x2  
  131  10:26  Assimilator  
  133  10:29  Assimilator  
  133  10:30  Pylon  
  133  10:32  Pylon  
  133  10:33  Photon Cannon, Pylon  
  133  10:40  Zealot x6  
  136  10:57  Dark Templar x3  
  140  11:10  Dark Templar x6  
  140  11:11  Dark Templar  
  146  11:26  Zealot x2  
  146  11:27  Zealot x2  
  149  11:34  Zealot  
  149  11:35  Zealot x2  
  138  11:43  Zealot  
  138  11:44  Zealot x6  
  138  11:45  Probe  
  134  11:49  Probe x2  
Tags
 
Add a new tag
Caveats
  • Supply blocks, unpowered buildings, or Contaminate may cause inaccurate times.
  • Supply counts are checked every 10 seconds.